 Dungeon Crawl Stone Soup version 0.18.1-48-g4cf74bf (webtiles) character file.

357 GFox the Shield-Bearer (level 6, -9/50 HPs)
             Began as a Formicid Fighter on Aug 18, 2016.
             Was an Initiate of Okawaru.
             Mangled by Synchen's ghost (11 damage)
             ... on level 3 of the Dungeon.
             The game lasted 00:20:54 (2955 turns).

GFox the Shield-Bearer (Formicid Fighter)           Turns: 2955, Time: 00:20:55

Health: -9/50      AC:  7    Str: 28    XL:     6   Next: 96%
Magic:  6/6        EV:  8    Int:  7    God:    Okawaru [......]
Gold:   113        SH: 10    Dex: 10    Spells: 0 memorised, 5 levels left

rFire  . . .     SeeInvis +     a - +0 war axe
rCold  + . .     Gourm    .     b - +0 scale mail
rNeg   . . .     Faith    .     c - +0 shield
rPois  .         Spirit   .     (helmet unavailable)
rElec  .         Dismiss  +     (no cloak)
rCorr  .         Reflect  .     (no gloves)
SustAt .         Harm     .     (no boots)
MR     .....                    i - amulet of dismissal
Stlth  ..........               (no ring)
                                g - ring of protection from cold

@: mighty, not resistant to hostile enchantments, extremely unstealthy
A: permanent stasis, dig shafts and tunnels, four strong arms, antennae 3
a: Dig, Shaft Self, Renounce Religion


You were on level 3 of the Dungeon.
You worshipped Okawaru.
Okawaru was noncommittal.
You were not hungry.

You visited 1 branch of the dungeon, and saw 3 of its levels.

You collected 113 gold pieces.

Inventory:

Hand Weapons
 a - a +0 war axe (weapon)
Armour
 b - a +0 scale mail (worn)
 c - a +0 shield (worn)
Magical Staves
 l - an uncursed staff of cold
Jewellery
 g - a ring of protection from cold (left hand)
 h - an uncursed amulet of the gourmand
 i - an amulet of dismissal (around neck)
Scrolls
 k - 2 scrolls of identify
 n - a scroll of enchant weapon {unknown}
 o - a scroll of remove curse
Potions
 e - a potion of brilliance
Comestibles
 f - 4 bread rations
 j - 2 meat rations


   Skills:
 * Level 4.9 Fighting
 * Level 4.0 Axes
 * Level 4.6 Armour
 * Level 5.2 Shields


You had 5 spell levels left.
You didn't know any spells.

Dungeon Overview and Level Annotations

Branches:
Dungeon (3/15)

Altars:
Kikubaaqudgha
Makhleb
Okawaru
Sif Muna

Annotations:
D:3 Synchen's ghost, amateur MiMo


Innate Abilities, Weirdness & Mutations

You are under a permanent stasis effect.
You can dig through walls and to a lower floor.
Your four strong arms can wield two-handed weapons with a shield.
You have a pair of large antennae on your head (SInv).


Message History

You feel sick.
You are no longer poisoned.
Synchen's ghost barely misses you. You block Synchen's ghost's attack.
You hit Synchen's ghost.
Synchen's ghost is severely damaged.
Synchen's ghost hits you!
You closely miss Synchen's ghost.
Synchen's ghost is severely damaged.
Synchen's ghost hits you.
* * * LOW HITPOINT WARNING * * *
Synchen's ghost hits you!
* * * LOW HITPOINT WARNING * * *
You hit Synchen's ghost but do no damage.
Synchen's ghost is severely damaged.
Synchen's ghost hits you.
* * * LOW HITPOINT WARNING * * *
Drink which item? (? for menu, Esc to quit)
You feel very mighty all of a sudden. Synchen's ghost hits you!
You die...

.# .# .#
.# .# ?#
###.######
#@WS......
#.#....###
#.####.#
#.# # #.#
##.# ##..#
#...#
##.##


You could see Synchen's ghost and an adder.

Vanquished Creatures
  A giant frog (D:3)
  A hound (D:3)
  3 orc priests (D:3)
  An orc wizard (D:3)
  Robin (D:3)
  4 adders
  An ooze (D:1)
  2 worms (D:2)
  A dart slug (D:1)
  8 orcs (D:3)
  2 ball pythons
  7 giant cockroaches
  12 goblins
  14 hobgoblins
  4 jackals (D:1)
  4 kobolds (D:2)
  8 bats
  4 giant newts
  9 rats
87 creatures vanquished.

Notes
Turn   | Place    | Note
--------------------------------------------------------------
     0 | D:1      | GFox the Formicid Fighter began the quest for the Orb.
     0 | D:1      | Reached XP level 1. HP: 18/18 MP: 1/1
   116 | D:1      | Reached XP level 2. HP: 20/24 MP: 2/2
   656 | D:1      | Reached XP level 3. HP: 29/30 MP: 3/3
   917 | D:2      | Reached skill level 4 in Shields
   926 | D:2      | HP: 2/45 [poisoned by an adder]
   934 | D:2      | HP: 1/45 [poisoned by an adder]
   942 | D:2      | HP: 1/45 [poisoned by an adder]
  1296 | D:2      | Reached XP level 4. HP: 37/37 MP: 4/4
  1316 | D:2      | Found an ancient bone altar of Kikubaaqudgha.
  1594 | D:2      | Found an iron altar of Okawaru.
  1604 | D:2      | Became a worshipper of Warmaster Okawaru
  2201 | D:3      | Noticed a giant frog
  2206 | D:3      | Killed a giant frog
  2206 | D:3      | Reached XP level 5. HP: 42/43 MP: 5/5
  2265 | D:3      | Reached XP level 6. HP: 48/49 MP: 6/6
  2374 | D:3      | Reached skill level 5 in Shields
  2397 | D:3      | Noticed Robin
  2422 | D:3      | Killed Robin
  2428 | D:3      | Found a burning altar of Makhleb.
  2721 | D:3      | HP: 2/50 [orc wizard/puff of flame (3)]
  2863 | D:3      | Found a deep blue altar of Sif Muna.
  2936 | D:3      | Noticed Synchen's ghost (amateur MiMo)
  2954 | D:3      | HP: 2/50 [Synchen's ghost (5)]
  2955 | D:3      | Mangled by Synchen's ghost

Skill      XL: |  1  2  3  4  5  6 |
---------------+-------------------+-----
Shields        | 4 5 |  5.2
Fighting       | 4 |  4.9
Axes           | 3 4 |  4.0
Armour         | 4 |  4.6

Action                   |  1- 3 |  4- 6 || total
-------------------------+-------+-------++-------
Melee: War axe           |    92 |   203 ||   295
  Use: Scroll            |     3 |       ||     3
       Potion            |     2 |     4 ||     6
  Eat: Chunk             |     5 |     4 ||     9
       Meat ration       |     1 |       ||     1
Armor: Scale mail        |    42 |    82 ||   124
Dodge: Dodged            |    28 |    78 ||   106
Block: Shield            |    56 |   113 ||   169
